 Dungeon Crawl Stone Soup version 0.02-172-g3bd91d9 (webtiles) character file.

Game seed: 4224064164369175406, levelgen mode: deterministic

11847 Kalegnar the Fighter (level 11, -3/104 HPs) Ghoul Monk. Began on Oct 19, 2020. Was a High Priest of Okawaru. Slain by Joseph ... wielding a cursed +0 quarterstaff of speed {(Curse: Fragile)} (27 damage) ... on level 1 of the Lair of Beasts. The game lasted 00:38:37 (5753 turns).

Kalegnar the Fighter (Ghoul Monk)                   Turns: 5753, Time: 00:38:37

Health: -3/104     AC: 13    Str: 19    XL:     11 ^: 1447
Magic:  12/14      EV: 25    Int:  5    God:    Okawaru [5* [133]]
Gold:   384        SH:  0    Dex: 16    Spells: 10/10 levels left

rFire    x . .     Vision   .     - Unarmed
rCold    + . .     Gourm    .     - Unarmed
rNeg     + + +     Faith    .   G - +3 leather armour
rPois    ∞         Spirit   .   (no helmet)
rElec    +         Reflect  .   m - +0 cloak
rCorr    .         Harm     .   (no gloves)
MR       .....                  (no boots)
Stlth    +++++.....             H - amulet of chaos (curse) {(Curse: rC-)}
HPRegen  0.00/turn              d - ring of protection
MPRegen  0.24/turn              z - ring of Phasing {EV+8 Dex+5, (Curse: rF-)} (curse)

@: heroism, rotting
A: rotting body, claws 1, carnivore, cold resistance 1, negative energy
resistance 3, inhibited regeneration, torment resistance, unbreathing
a: Heroism, Finesse, Renounce Religion


You were on level 1 of the Lair of Beasts.
You worshipped Okawaru.
Okawaru was extremely pleased with you.
You were not hungry.

You visited 3 branches of the dungeon, and saw 7 of its levels.

You collected 384 gold pieces.

Inventory:

Armour
 m - a +0 cloak (worn)
 G - a +3 leather armour (worn)
Jewellery
 a - a cursed ring of wizardry {(Curse: MR-)}
 d - a ring of protection (left claw)
 g - an uncursed ring of magical power
 j - an uncursed ring of protection from magic
 l - an uncursed ring of stealth
 o - an uncursed amulet of magic regeneration
 p - an uncursed ring of wizardry
 v - an uncursed ring of intelligence
 x - an uncursed ring of dexterity
 z - the cursed ring of Phasing (right claw) {EV+8 Dex+5, (Curse: rF-)}
   (You took it off a big kobold on level 2 of the Dungeon)

   [ring of dexterity]

   It affects your evasion (+8).
   It affects your dexterity (+5).
   It has a curse placed upon it.
   { (Curse: rF-)}
 A - an uncursed ring of intelligence
 C - an uncursed amulet of regeneration
 E - an uncursed ring of strength
 H - a cursed amulet of chaos (around neck) {(Curse: rC-)}
 I - an uncursed ring of strength
 K - an uncursed ring of strength
 L - an uncursed ring of stealth
 N - an uncursed ring of resist corrosion
Wands
 s - a wand of flame (2)
 w - a wand of polymorph (16)
 D - a wand of random effects (16)
 M - a wand of ensnaring (2)
 O - a wand of acid (2)
 P - a wand of hasting (7)
Scrolls
 h - a scroll of blinking
 r - 2 scrolls of magic mapping
 u - 2 scrolls of fear
 y - 2 scrolls of teleportation
 F - a scroll of fog
 J - a scroll of amnesia
Potions
 c - 2 potions of heal wounds
 e - 2 potions of haste
 f - 9 potions of curing
 i - 2 potions of brilliance
 k - 2 potions of magic
 n - 3 potions of agility
 t - a potion of ambrosia
 B - a potion of resistance
Miscellaneous
 Q - a box of beasts
Comestibles
 b - 16 rations
 q - 24 chunks of flesh


   Skills:
 + Level 11.9(16.9) Fighting
 - Level 3.0(8.0) Armour
 - Level 3.0(8.0) Dodging
 - Level 8.0(13.0) Stealth
 + Level 11.8(16.8) Unarmed Combat
 + Level 5.5 Invocations
 + Level 5.4 Evocations


You had 10 spell levels left.
You didn't know any spells.
Your spell library contained the following spells:

 Spells                   Type           Power        Failure   Level  Hunger
 Summon Butterflies       Summ           0 (100)      50%         1    ##.....


Dungeon Overview and Level Annotations

Branches:
Dungeon (5/8)              Temple (1/1) D:4            Lair (1/6) D:5

Altars:
Ashenzari
Dithmenos
Fedhas Madash
Hepliaklqana
Kikubaaqudgha
Makhleb
Nemelex Xobeh
Okawaru
Qazlal
Ru
Sif Muna
Trog
Uskayaw
Vehumet
Xom
Yredelemnul
Zin
The Shining One

Shops:
D:5 %}

Annotations:
Lair:1 Joseph


Innate Abilities, Weirdness & Mutations

Your body is rotting away.
You thrive on raw meat.
You are immune to poison.
You have sharp fingernails. (+2 Unarmed)
You are carnivorous and can eat meat at any time.
You are cold resistant. (rC+)
You are immune to negative energy. (rN+++)
You do not regenerate when monsters are visible.
You are immune to unholy pain and torment.
You can survive without breathing.


Message History

Joseph hits you with a cursed +0 quarterstaff of speed {(Curse: Fragile)} (21)!!
You scratch Joseph (3). You scratch Joseph (1).
Joseph is lightly wounded. (78/92) HP Joseph misses you (0).
You scratch Joseph (6). You scratch Joseph (1).
Joseph is moderately wounded. (71/92) HP Joseph hits you with a cursed +0 quarterstaff of speed {(Curse: Fragile)} (31)!!
You scratch Joseph but do no damage. You scratch Joseph (6).
Joseph is moderately wounded. (65/92) HP You claw Joseph (7)!
You claw Joseph (9)!
Joseph is heavily wounded. (49/92) HP Joseph hits you with a cursed +0 quarterstaff of speed {(Curse: Fragile)} (17)!
You scratch Joseph but do no damage. You claw Joseph (8)!
Joseph is heavily wounded. (41/92) HP Joseph completely misses you (0).
You gain the combat prowess of a mighty hero.
Joseph hits you with a cursed +0 quarterstaff of speed {(Curse: Fragile)} (11)!
* * * LOW HITPOINT WARNING * * *
Joseph hits you with a cursed +0 quarterstaff of speed {(Curse: Fragile)} (27)!!
You die...

###....##...#.##.##. ..
.#..#....#...#.#.#.#...
.#...........#..........
##...........#.#..#.$.).
#..#..♣.♣.##..##.♣.##...
...........#...........
.......>......+..>.♣#.
...#.....÷.#^.#.t...#
#..#..♣.♣.#...##@♣.##
.#..#.†......###@#......
.#...........# .....#...
.#..##...##.#...........
..#..####...#..........
.... ..##......[....
...# .#........... .
.... .........#.# ...


You could see Joseph (berserk) and a crocodile.

Vanquished Creatures
  An unseen horror (D:5)
  A two-headed ogre (D:5)
  A spiny frog (Lair:1)
  A rime drake (Lair:1)
  A komodo dragon (Lair:1)
  2 wraiths (D:3)
  A cyclops (D:5)
  A hippogriff (D:5)
  16 yaks
  4 water moccasins
  2 phantoms (D:3)
  3 scorpions
  6 porcupines
  Duvessa (D:3)
  2 orc warriors
  3 ice beasts
  A black bear (D:5)
  A sky beast (D:4)
  3 ogres
  6 crocodiles
  9 big kobolds
  12 bullfrogs
  Dowan (D:3)
  3 centaurs
  2 howler monkeys
  3 killer bees (D:5)
  A hornet zombie (D:4)
  7 electric eels (Lair:1)
  A crimson imp (D:3)
  5 orc priests
  4 hounds
  8 jellies
  10 orc wizards
  A gnoll shaman (D:2)
  3 iguanas
  4 worker ants
  A wyvern zombie (D:5)
  2 water moccasin skeletons (D:5)
  7 giant cockroaches
  2 iron imps (D:4)
  A bullfrog zombie (D:5)
  4 bullfrog skeletons
  6 gnolls
  A shadow imp (D:4)
  11 adders
  13 sewer rats (D:2)
  A spectral giant cockroach (D:3)
  A spectral worker ant (D:3)
  11 cinder newts (D:2)
  5 worms
  A hound zombie (D:5)
  A howler monkey skeleton (D:3)
  8 oozes
  A hound simulacrum (D:3)
  A hound skeleton (D:3)
  A dart slug (D:1)
  10 leopard geckos
  28 orcs
  6 adder skeletons
  4 ball pythons
  2 cinder newt skeletons (D:2)
  9 goblins (D:1)
  5 hobgoblins (D:1)
  7 jackals
  3 quokkas
  7 bats
  2 bat skeletons (D:2)
  37 kobolds
  A leopard gecko skeleton (D:2)
  9 rats (D:1)
  A rat skeleton (D:2)
  A spectral leopard gecko (D:3)
  A butterfly (D:3)
  3 withered plants (D:2)
346 creatures vanquished.

Vanquished Creatures (others)
  A leopard gecko (D:2)
  A bat skeleton (D:2)
  5 plants
  153 withered plants (D:2)
160 creatures vanquished.

Grand Total: 506 creatures vanquished

Notes
Turn   | Place    | Note
-------+----------+-------------------------------------------
     0 | D:1      | Kalegnar the Ghoul Monk began the quest for the Orb.
     0 | D:1      | Reached XP level 1. HP: 19/19 MP: 0/0
    72 | D:1      | Reached XP level 2. HP: 26/26 MP: 1/1
   232 | D:1      | Reached XP level 3. HP: 33/33 MP: 2/2
   436 | D:1      | Reached XP level 4. HP: 40/40 MP: 3/3
   790 | D:2      | Reached XP level 5. HP: 38/46 MP: 4/4
   886 | D:2      | Reached XP level 6. HP: 47/55 MP: 5/5
   926 | D:2      | Reached skill level 5 in Fighting
   926 | D:2      | Reached skill level 5 in Unarmed Combat
  1287 | D:2      | Reached XP level 7. HP: 61/62 MP: 6/6
  1299 | D:2      | Reached skill level 1 in Armour
  1572 | D:2      | Reached XP level 8. HP: 44/71 MP: 7/7
  2601 | D:3      | Reached XP level 9. HP: 82/82 MP: 8/8
  2652 | D:3      | Found a shimmering altar of Xom.
  2652 | D:3      | Noticed Duvessa
  2655 | D:3      | Noticed Dowan
  2671 | D:3      | Killed Duvessa
  2699 | D:3      | Killed Dowan
  2766 | D:3      | Found a runed translucent gate.
  2766 | D:3      | Found a runed translucent gate.
  2770 | D:3      | Found a runed translucent gate.
  2980 | D:3      | Found a bloodstained altar of Trog.
  3227 | D:4      | Reached skill level 10 in Fighting
  3227 | D:4      | Reached skill level 10 in Unarmed Combat
  3362 | D:4      | Reached skill level 1 in Evocations
  3368 | D:4      | Reached XP level 10. HP: 76/94 MP: 8/10
  3413 | D:4      | Reached skill level 5 in Stealth
  3587 | D:4      | Found a staircase to the Ecumenical Temple.
  3593 | Temple   | Entered the Ecumenical Temple
  3672 | Temple   | Became a worshipper of Warmaster Okawaru
  3672 | Temple   | Received a gift from Okawaru
  3672 | Temple   | Reached * piety under Okawaru
  3672 | Temple   | Reached ** piety under Okawaru
  4113 | D:4      | Reached skill level 1 in Invocations
  4325 | D:5      | Entered Level 5 of the Dungeon
  4328 | D:5      | Identified the +8 mangonel of Duty {freeze, rElec rN+}
  4438 | D:5      | Received a gift from Okawaru
  4442 | D:5      | Found an ancient bone altar of Kikubaaqudgha.
  4462 | D:5      | Found a radiant altar of Vehumet.
  4462 | D:5      | Found a glowing golden altar of the Shining One.
  4552 | D:5      | Found a staircase to the Lair.
  4627 | D:5      | Noticed a two-headed ogre
  4639 | D:5      | Reached *** piety under Okawaru
  4644 | D:5      | Killed a two-headed ogre
  4753 | D:5      | Reached XP level 11. HP: 82/102 MP: 12/12
  4916 | D:5      | Found a shimmering blue altar of Sif Muna.
  4948 | D:5      | Identified Sif Muna's Grimoire of the Escort
  5129 | D:5      | Killed an unseen horror
  5129 | D:5      | Received a gift from Okawaru
  5129 | D:5      | Reached **** piety under Okawaru
  5215 | D:5      | Found Kimuxkim's Gadget Shop.
  5239 | D:5      | Found Qicaeth's Food Shop.
  5344 | Lair:1   | Entered Level 1 of the Lair of Beasts
  5485 | Lair:1   | Received a gift from Okawaru
  5493 | Lair:1   | Reached ***** piety under Okawaru
  5493 | Lair:1   | Reached skill level 5 in Invocations
  5493 | Lair:1   | Reached skill level 5 in Evocations
  5743 | Lair:1   | Noticed Joseph
  5753 | Lair:1   | Slain by Joseph

Levels and vault maps discovered:
D:1:      tarquinn_simple_flora_water_a, layout_loops_cross
D:2:      layout_sewer, sewer_minmay_treatment, first_ration
D:3:      miniossuary_kennysheep_ghosthouse, layout_rooms, xom_butterflies,
          bloody_trog, uniq_duvessa
D:4:      layout_long_grid, minmay_temple_entry_hall
D:5:      layout_irregular_city, lemuel_crystal_altar, led_sif_book,
          gammafunk_temple_overflow_elements, lair_entry_dummy, serial_shops,
          shop, nicolae_shop_waterfront
Temple:   nicolae_temple_hex_pool
Lair:1:   layout_gridlike, beast_lair_carwin_9, serial_bayou_shore_a,
          grunt_megastairs_2, uniq_joseph

Skill      XL: |  1  2  3  4  5  6  7  8  9 10 11 |
---------------+----------------------------------+-----
Dodging        | 3 |  3.0
Stealth        | 3 4 6 8 |  8.0
Unarmed Combat | 4 5 6 8 10 11 | 11.8
Fighting       | 4 5 6 8 10 11 | 11.9
Armour         | 2 3 |  3.0
Evocations     | 1 3 5 |  5.4
Invocations    | 3 5 |  5.5

Action                   |  1- 3 |  4- 6 |  7- 9 | 10-12 || total
-------------------------+-------+-------+-------+-------++-------
Melee: Unarmed           |    95 |   240 |   661 |   663 ||  1659
Throw: Stone             |       |     6 |     6 |       ||    12
       Skull             |       |     4 |     2 |       ||     6
       Rusty metal       |       |     3 |     2 |     1 ||     6
       Bone              |       |     3 |     1 |       ||     4
Invok: Heroism           |       |       |       |     2 ||     2
Evoke: Wand              |       |       |       |     2 ||     2
 Stab: Sleeping          |     3 |     1 |     4 |    10 ||    18
       Distracted        |       |       |     1 |     1 ||     2
  Eat: Chunk             |     6 |    20 |    29 |    42 ||    97
Armor: Robe              |     8 |    11 |       |       ||    19
       Leather armour    |       |     2 |    48 |    66 ||   116
Dodge: Dodged            |    23 |    54 |   151 |   201 ||   429
